 Dungeon Crawl Stone Soup version 0.27.1-3-gb3d3a73c9e (webtiles) character file.

Game seed: 16858479315655362469

25 VictoriousLee the Slasher (level 3, -2/23 HPs)
             Began as a Tengu Monk on Oct 15, 2021.
             Slain by an iguana (8 damage)
             ... on level 2 of the Dungeon.
             The game lasted 00:12:15 (1025 turns).

VictoriousLee the Slasher (Tengu Monk)              Turns: 1025, Time: 00:12:15

Health: -2/23      AC:  3    Str: 12    XL:     3   Next: 6%
Magic:  4/4        EV: 12    Int: 10    God:
Gold:   39         SH:  0    Dex: 16    Spells: 2/2 levels left

rFire    . . .     SeeInvis .   a - +0 falchion
rCold    . . .     Faith    .   (no shield)
rNeg     . . .     Spirit   .   d - +0 leather armour
rPois    .         Reflect  .   (helmet restricted)
rElec    .         Harm     .   (no cloak)
rCorr    .         Rampage  .   (no gloves)
Will     .....                  (boots unavailable)
Stlth    ++........             (no amulet)
HPRegen  0.07/turn              (no ring)
MPRegen  0.09/turn              (no ring)

@: no status effects
A: beak, talons 3
a: no special abilities


You were on level 2 of the Dungeon.
You visited 1 branch of the dungeon, and saw 2 of its levels.

You collected 39 gold pieces.

Inventory:

Hand Weapons
 a - a +0 falchion (weapon)
Missiles
 c - 34 arrows
 e - 84 stones (quivered)
Armour
 b - a +0 robe
 d - a +0 leather armour (worn)
 f - a +1 robe of willpower
Potions
 g - a potion of ambrosia {unknown}


   Skills:
 - Level 3.0 Fighting
 + Level 4.5 Long Blades
 - Level 3.2 Dodging
 - Level 2.0 Stealth


You had 2 spell levels left.
You didn't know any spells.
Your spell library was empty.

Dungeon Overview and Level Annotations

Branches:
Dungeon (2/15)

Altars:

Shops:
D:1 ((*


Innate Abilities, Weirdness & Mutations

You have a beak for a mouth.
You have claws for feet.


Message History

You closely miss the goblin. Your kick misses the goblin. You peck the goblin.
You kill the goblin!
You hit the dart slug but do no damage. You claw the dart slug.
The dart slug is lightly wounded.
You hit the dart slug. You claw the dart slug!
You kill the dart slug!
You have reached level 3!
Your experience leads to an increase in your attributes!
Increase (S)trength, (I)ntelligence, or (D)exterity?
You feel stronger.
Found 21 bolts.
The iguana closely misses you.
You barely miss the iguana. You peck the iguana, but do no damage.
The iguana misses you.
You hit the iguana but do no damage. Your peck misses the iguana.
The iguana barely misses you.
You riposte.
You hit the iguana. Your kick misses the iguana.
The iguana is moderately wounded.
You closely miss the iguana. Your kick misses the iguana.
The iguana is moderately wounded.
The iguana hisses menacingly.
The iguana misses you.
You hit the iguana. Your kick misses the iguana. Your peck misses the iguana.
The iguana is heavily wounded.
The iguana closely misses you.
You hit the iguana but do no damage. You peck the iguana, but do no damage.
The iguana is heavily wounded.
The iguana closely misses you.
You barely miss the iguana.
The iguana is heavily wounded.
The iguana bites you. The iguana barely misses you.
You hit the iguana but do no damage. Your peck misses the iguana.
The iguana is heavily wounded.
The iguana bites you!
* * * LOW HITPOINT WARNING * * *
You are too injured to fight recklessly!
You are too injured to fight recklessly!
You slash the iguana!
The iguana is almost dead.
The iguana bites you!
You die...

#....# #....#
#....#
##....#
#.....#
##.<...#
###....).####
......$.<)..#
.......@....#
......l.....#
............#
............#
............#
............#
...........##
...(......##


You could see an iguana.

Vanquished Creatures
  A dart slug (D:2)
  3 endoplasms (D:1)
  3 giant cockroaches (D:1)
  2 goblins
  4 hobgoblins (D:1)
  A jackal (D:1)
  A frilled lizard (D:1)
  4 kobolds (D:1)
  2 rats (D:1)
21 creatures vanquished.

Notes
Turn   | Place    | Note
-------+----------+-------------------------------------------
     0 | D:1      | VictoriousLee the Tengu Monk began the quest for the Orb.
     0 | D:1      | Reached XP level 1. HP: 14/14 MP: 2/2
   205 | D:1      | Found a faded altar of an unknown god.
   248 | D:1      | Found Bic Vonwa's Antique Weapon Shoppe.
   250 | D:1      | Found Soraorch's Antique Weapon Emporium.
   337 | D:1      | Reached XP level 2. HP: 15/19 MP: 3/3
   346 | D:1      | Reached skill level 4 in Long Blades
   608 | D:1      | Found Edoi's General Store.
   792 | D:1      | Found Yskarugh's Magic Scroll Emporium.
  1016 | D:2      | Reached XP level 3. HP: 22/23 MP: 4/4
  1025 | D:2      | Slain by an iguana

Illustrated notes

Levels and vault maps discovered:
D:1:      dpeg_arrival_brainrot, layout_basic, serial_shops,
          nicolae_square_shop, shop_statue, shop, shop,
          hellmonk_ecumenical_altar_inner_sanctum, amcnicky_mini_pool_small
D:2:      layout_rooms, kennysheep_generic_room_8, uniq_natasha

Skill      XL: |  1  2 |
---------------+-------+-----
Long Blades    | 4 |  4.5
Fighting       | |  3.0
Dodging        | |  3.2
Stealth        | |  2.0

Action                   || total
-------------------------++-------
Melee: Falchion          ||    49
       Kick              ||    11
       Peck              ||     9
 Stab: Sleeping          ||     1
Armor: Leather armour    ||     6
       Robe              ||     1
Dodge: Dodged            ||    29
       Rpst.: Falchion   ||     6
